Gulls vs Phantoms

Created - Wednesday, December 30, 2015 at 03:59

Goals
1 2 3 OT1 SO T
Gulls 0 1 0 0 2 2
Phantoms 0 1 0 0 1 1
Shots
1 2 3 OT1 SO T
Gulls 5 9 6 2 7 22
Phantoms 9 11 7 2 7 29

1st period

No Goal

Penalties :
Byron Froese (LEH) for Hooking (Minor) at 10:09, Deryk Engelland (LEH) for Slashing (Minor) at 15:58

2nd period

1. Phantoms , Bryan Allen 4 (Brian Strait) at 3:48
2. Gulls , Melker Karlsson 10 (Simon Gagne) at 12:23

Penalties :
Chris Neil (LEH) for Fighting (Major) at 0:46, Carter Camper (SDI) for Fighting (Major) at 0:46, James Sheppard (SDI) for Holding (Minor) at 1:20, Keegan Lowe (LEH) for Slashing (Minor) at 16:56

3rd period

No Goal

Penalties :
Cody Bass (LEH) for Hooking (Minor) at 1:24, Jimmy Bonneau (SDI) for High sticking (Minor) at 7:30

Overtime #1

No Goal

Penalties :
No Penalty

Shootout

Penalty Shot by Jerry D'Amigo for Gulls - Stopped by Marek Mazanec
Penalty Shot by Deryk Engelland for Phantoms - Stopped by Brad Thiessen
Penalty Shot by Carter Camper for Gulls - Stopped by Marek Mazanec
Penalty Shot by Chris Neil for Phantoms - Shot Misses the Net
Penalty Shot by James Sheppard for Gulls - Stopped by Marek Mazanec
Penalty Shot by Ben Street for Phantoms - Shot Misses the Net
Penalty Shot by Sven Andrighetto for Gulls - Shot Misses the Net
Penalty Shot by Garrett Wilson for Phantoms - Stopped by Brad Thiessen
Penalty Shot by Melker Karlsson for Gulls - Shot Misses the Net
Penalty Shot by Byron Froese for Phantoms - Stopped by Brad Thiessen
Penalty Shot by Martin Marincin for Gulls - Goal!
Penalty Shot by Bryan Lerg for Phantoms - Goal!
Penalty Shot by Brayden Irwin for Gulls - Goal!
Penalty Shot by Chris Langkow for Phantoms - Shot Misses the Net

Penalties :
No Penalty

Goalie Stats

Brad Thiessen (SDI), 28 saves from 29 shots - (0.966), W, 10-7-2, 65:00 minutes
Marek Mazanec (LEH), 21 saves from 22 shots - (0.955), OTL, 19-9-9, 65:00 minutes

Players Stats for Gulls

Player Name              G  A  P  +/- PIM S  H  SB GA TA FO     MP     PP MP  PK MP  
------------------------------------------------------------------------------------
Brayden Irwin            0  0  0  -1  0   0  1  0  2  0  4/8    12:19   0:00   0:00 
Brendan Bell             0  0  0   0  0   0  1  0  0  0  0/0    27:26   2:57   2:14 
Carter Camper            0  0  0   1  5   1  2  0  1  0  5/11   21:27   4:39   1:01 
Chase Schaber            0  0  0   0  0   0  0  0  0  0  1/1     1:43   0:20   0:00 
Guillaume Gelinas        0  0  0   0  0   0  0  0  0  1  0/0     9:39   0:51   0:00 
James Sheppard           0  0  0  -1  2   3  2  0  2  2  4/9    24:22   3:13   0:10 
Jerry D'Amigo            0  0  0  -1  0   0  1  0  2  1  0/1    21:00   3:17   0:00 
Jimmy Bonneau            0  0  0   0  2   0  0  0  0  0  0/0    15:38   0:04   1:40 
Jordan Caron             0  0  0   0  0   1  2  0  3  2  0/0    19:08   4:39   0:00 
Martin Marincin          0  0  0  -1  0   5  0  5  0  2  0/0    31:07   3:29   1:44 
Matt Lashoff             0  0  0   0  0   0  1  0  0  0  0/0     0:29   0:00   0:00 
Melker Karlsson          1  0  1   1  0   5  3  0  5  1  3/7    23:16   3:23   2:18 
Nathan McIver            0  0  0   0  0   1  1  0  0  0  0/0    29:15   3:36   1:44 
Ryan Bourque             0  0  0   0  0   0  0  0  1  0  0/0     5:49   0:00   1:17 
Scott Ford               0  0  0   1  0   0  1  1  0  2  0/0    25:58   4:08   2:14 
Simon Gagne              0  1  1   1  0   1  1  0  0  0  0/2    19:04   0:52   0:00 
Sven Andrighetto         0  0  0   0  0   5  0  1  0  1  0/8    22:13   3:21   1:30 
William Wrenn            0  0  0   0  0   0  1  0  0  0  0/0     6:06   0:51   0:00 

Players Stats for Phantoms

Player Name              G  A  P  +/- PIM S  H  SB GA TA FO     MP     PP MP  PK MP  
------------------------------------------------------------------------------------
Ben Street               0  0  0   0  0   1  0  0  0  0  8/12   22:26   2:20   5:42 
Brian Strait             0  1  1   1  0   3  2  1  2  0  0/0    27:24   1:44   4:47 
Bryan Allen              1  0  1   1  0   4  1  2  2  2  0/0    27:24   1:44   4:47 
Bryan Lerg               0  0  0   0  0   0  0  1  2  1  1/1    16:16   1:38   0:00 
Byron Froese             0  0  0   0  2   3  2  0  2  0  9/12   17:38   1:38   1:38 
Chris Langkow            0  0  0   0  0   2  1  1  0  1  2/5    16:17   0:00   1:13 
Chris Neil               0  0  0   0  5   1  3  0  4  2  7/10   20:47   0:49   4:53 
Cody Bass                0  0  0   0  2   1  1  0  1  0  0/0    13:58   0:00   0:00 
Deryk Engelland          0  0  0   0  2   6  3  0  6  1  0/0    24:56   1:57   2:57 
Garrett Wilson           0  0  0   0  0   2  2  0  1  0  0/1    15:23   2:20   2:04 
Greg Zanon               0  0  0   0  0   0  0  1  0  2  0/0    24:05   2:14   3:09 
Keegan Lowe              0  0  0  -1  2   0  0  0  0  0  0/0    14:41   0:00   0:12 
Martin Gernat            0  0  0  -1  0   2  2  0  0  1  0/0    13:31   0:00   0:00 
Mitch Moroz              0  0  0   0  0   0  0  0  0  0  0/0     6:53   1:12   0:00 
Nathan Longpre           0  0  0   0  0   0  0  0  1  1  1/4     8:37   0:00   0:00 
Stephen Johns            0  0  0   0  0   3  2  0  0  0  0/0    17:29   2:14   0:00 
Steve MacIntyre          0  0  0   0  0   1  1  1  0  0  1/1     8:37   0:00   0:00 
Tom Sestito              0  0  0   0  0   0  1  0  0  0  1/1    15:37   0:00   0:22 

3 Stars

1 - Brad Thiessen (SDI)
2 - Marek Mazanec (LEH)
3 - Melker Karlsson (SDI)

Power Play

Gulls - 0 on 4 Attempt(s) - 0.00%
Phantoms - 0 on 2 Attempt(s) - 0.00%

Penalty Kill

Gulls - 2 on 2 Attempt(s) - 100.00% - Score 0 goal in Penalty Kill
Phantoms - 4 on 4 Attempt(s) - 100.00% - Score 0 goal in Penalty Kill

Team Stat

Gulls - Hits : 17 - Faceoff Wins : 17 - Blocked Shots : 7 - Penalty Minutes : 9
Phantoms - Hits : 21 - Faceoff Wins : 30 - Blocked Shots : 7 - Penalty Minutes : 13

Official

Referees : Unknown
Linesman : Unknown

Game Notes

Chris Neil and Carter Camper fight to a draw at 0:46 of 2nd period

Finance

Level 1 -- Attendance: 1475 (73.75%) -- Ticket Income $17,700
Level 2 -- Attendance: 780 (78.00%) -- Ticket Income $3,900
Total Attendance: 2255 (75.17%)
Total Ticket Income: $21,600
Other Income: $10,584
Total Income: $32,184

Gulls

5 vs 5 Forward 
   Center                   Left Wing                Right Wing               Time % Phy DF OF 
 1 James Sheppard           Melker Karlsson          Simon Gagne              35     1   2  2  
 2 Sven Andrighetto         Jerry D'Amigo            Jordan Caron             30     1   2  2  
 3 Carter Camper            James Sheppard           Sven Andrighetto         22     1   2  2  
 4 Brayden Irwin            Jerry D'Amigo            James Sheppard           13     1   2  2  

5 vs 5 Defense 
   Defense                  Defense                                           Time % Phy DF OF 
 1 Martin Marincin          Nathan McIver                                     35     1   2  2  
 2 Brendan Bell             Scott Ford                                        30     1   2  2  
 3 Brendan Bell             Martin Marincin                                   22     1   2  2  
 4 Nathan McIver            Brendan Bell                                      13     1   2  2  

PowerPlay Forward 
   Center                   Left Wing                Right Wing               Time % Phy DF OF 
 1 Jerry D'Amigo            James Sheppard           Melker Karlsson          60     1   2  2  
 2 Sven Andrighetto         Jordan Caron             Carter Camper            40     1   2  2  

PowerPlay Defense
   Defense                  Defense                                           Time % Phy DF OF 
 1 Scott Ford               Nathan McIver                                     60     1   2  2  
 2 Brendan Bell             Martin Marincin                                   40     1   2  2  

Penalty Kill 4 Players Forward 
   Center                   Wing                     Time % Phy DF OF 
 1 Melker Karlsson          Carter Camper            60     1   2  2  
 2 James Sheppard           Sven Andrighetto         40     1   2  2  

Penalty Kill 4 Players Defense
   Defense                  Defense                  Time % Phy DF OF 
 1 Martin Marincin          Nathan McIver            60     1   2  2  
 2 Brendan Bell             Scott Ford               40     1   2  2  

Penalty Kill - 3 Players Forward 
   Forward                                           Time % Phy DF OF 
 1 Sven Andrighetto                                  60     1   2  2  
 2 James Sheppard                                    40     1   2  2  

Penalty Kill - 3 Players Defense
   Defense                  Defense                  Time % Phy DF OF 
 1 Scott Ford               Nathan McIver            60     1   2  2  
 2 Brendan Bell             Martin Marincin          40     1   2  2  

4 vs 4 Forward 
   Center                   Wing                     Time % Phy DF OF 
 1 Carter Camper            James Sheppard           60     1   2  2  
 2 Melker Karlsson          Sven Andrighetto         40     1   2  2  

4 vs 4 Defense
   Defense                  Defense                  Time % Phy DF OF 
 1 Nathan McIver            Martin Marincin          60     1   2  2  
 2 Brendan Bell             Scott Ford               40     1   2  2  

Last Minutes Offensive
   Center                   Left Wing                Right Wing               Defense                  Defense                  
   James Sheppard           Melker Karlsson          Sven Andrighetto         Martin Marincin          Brendan Bell             

Last Minutes Defensive
   Center                   Left Wing                Right Wing               Defense                  Defense                  
   James Sheppard           Melker Karlsson          Sven Andrighetto         Martin Marincin          Brendan Bell             

Goaltenders
Starting : Brad Thiessen            
Backup : FARM GOALIE12            

Extra Forwards
Normal : Sven Andrighetto, James Sheppard, Carter Camper - PP : Sven Andrighetto, James Sheppard - PK : Carter Camper
Extra Defensemen
Normal : Brendan Bell, Martin Marincin, Nathan McIver - PP : Brendan Bell - PK : Brendan Bell, Nathan McIver
Penalty Shots
Jerry D'Amigo, Carter Camper, James Sheppard, Sven Andrighetto, Melker Karlsson

Phantoms

5 vs 5 Forward 
   Center                   Left Wing                Right Wing               Time % Phy DF OF 
 1 Ben Street               Garrett Wilson           Deryk Engelland          35     1   2  2  
 2 Byron Froese             Bryan Lerg               Chris Neil               30     1   2  2  
 3 Chris Langkow            Tom Sestito              Cody Bass                22     1   2  2  
 4 Nathan Longpre           Steve MacIntyre          Deryk Engelland          13     1   2  2  

5 vs 5 Defense 
   Defense                  Defense                                           Time % Phy DF OF 
 1 Bryan Allen              Brian Strait                                      35     1   2  2  
 2 Greg Zanon               Stephen Johns                                     30     1   2  2  
 3 Martin Gernat            Keegan Lowe                                       22     1   2  2  
 4 Bryan Allen              Brian Strait                                      13     1   2  2  

PowerPlay Forward 
   Center                   Left Wing                Right Wing               Time % Phy DF OF 
 1 Ben Street               Garrett Wilson           Deryk Engelland          60     1   2  2  
 2 Byron Froese             Bryan Lerg               Chris Neil               40     1   2  2  

PowerPlay Defense
   Defense                  Defense                                           Time % Phy DF OF 
 1 Bryan Allen              Brian Strait                                      60     1   2  2  
 2 Greg Zanon               Stephen Johns                                     40     1   2  2  

Penalty Kill 4 Players Forward 
   Center                   Wing                     Time % Phy DF OF 
 1 Chris Neil               Ben Street               60     1   2  2  
 2 Garrett Wilson           Byron Froese             40     1   2  2  

Penalty Kill 4 Players Defense
   Defense                  Defense                  Time % Phy DF OF 
 1 Bryan Allen              Brian Strait             60     1   2  2  
 2 Deryk Engelland          Greg Zanon               40     1   2  2  

Penalty Kill - 3 Players Forward 
   Forward                                           Time % Phy DF OF 
 1 Chris Neil                                        60     1   2  2  
 2 Ben Street                                        40     1   2  2  

Penalty Kill - 3 Players Defense
   Defense                  Defense                  Time % Phy DF OF 
 1 Bryan Allen              Brian Strait             60     1   2  2  
 2 Deryk Engelland          Greg Zanon               40     1   2  2  

4 vs 4 Forward 
   Center                   Wing                     Time % Phy DF OF 
 1 Chris Neil               Ben Street               60     1   2  2  
 2 Garrett Wilson           Byron Froese             40     1   2  2  

4 vs 4 Defense
   Defense                  Defense                  Time % Phy DF OF 
 1 Bryan Allen              Brian Strait             60     1   2  2  
 2 Deryk Engelland          Greg Zanon               40     1   2  2  

Last Minutes Offensive
   Center                   Left Wing                Right Wing               Defense                  Defense                  
   Ben Street               Garrett Wilson           Deryk Engelland          Bryan Allen              Brian Strait             

Last Minutes Defensive
   Center                   Left Wing                Right Wing               Defense                  Defense                  
   Ben Street               Garrett Wilson           Deryk Engelland          Bryan Allen              Brian Strait             

Goaltenders
Starting : Marek Mazanec            
Backup : Laurent Brossoit         

Extra Forwards
Normal : Mitch Moroz, Tom Sestito, Chris Langkow - PP : Mitch Moroz, Tom Sestito - PK : Chris Langkow
Extra Defensemen
Normal : Martin Gernat, Keegan Lowe, Stephen Johns - PP : Martin Gernat - PK : Keegan Lowe, Stephen Johns
Penalty Shots
Deryk Engelland, Chris Neil, Ben Street, Garrett Wilson, Byron Froese

% Time on Ice - Gulls

Lines # - Real PCT - Wanted PCT - Time Play
Normal Forward
1 - 34% - 35% - 16:10
2 - 29% - 30% - 14:07
3 - 11% - 22% - 5:30
4 - 26% - 13% - 12:19
Normal Defense
1 - 43% - 35% - 20:31
2 - 34% - 30% - 16:18
3 - 16% - 22% - 7:33
4 - 8% - 13% - 3:44
PP Forward
1 - 41% - 60% - 3:17
2 - 59% - 40% - 4:39
PP Defense
1 - 63% - 60% - 4:59
2 - 37% - 40% - 2:57
PK Forward
1 - 100% - 60% - 3:58
2 - 0% - 40% - 0:00
PK Defense
1 - 44% - 60% - 1:44
2 - 56% - 40% - 2:14
PK3 Forward
1 - 0% - 60%
2 - 0% - 40%
PK3 Defense
1 - 0% - 60%
2 - 0% - 40%
44 Forward
1 - 100% - 60% - 5:00
2 - 0% - 40% - 0:00
44 Defense
1 - 56% - 60% - 2:49
2 - 44% - 40% - 2:11
Last Minute Offensive  - 0:00
Last Minute Defensive  - 0:00
Total
Forward - 65:00
Defense - 65:00

% Time on Ice - Phantoms

Lines # - Real PCT - Wanted PCT - Time Play
Normal Forward
1 - 25% - 35% - 11:53
2 - 29% - 30% - 13:54
3 - 28% - 22% - 13:42
4 - 18% - 13% - 8:37
Normal Defense
1 - 33% - 35% - 15:48
2 - 34% - 30% - 16:25
3 - 28% - 22% - 13:31
4 - 5% - 13% - 2:22
PP Forward
1 - 59% - 60% - 2:20
2 - 41% - 40% - 1:38
PP Defense
1 - 44% - 60% - 1:44
2 - 56% - 40% - 2:14
PK Forward
1 - 74% - 60% - 5:52
2 - 26% - 40% - 2:04
PK Defense
1 - 60% - 60% - 4:47
2 - 40% - 40% - 3:09
PK3 Forward
1 - 0% - 60%
2 - 0% - 40%
PK3 Defense
1 - 0% - 60%
2 - 0% - 40%
44 Forward
1 - 94% - 60% - 4:43
2 - 6% - 40% - 0:17
44 Defense
1 - 54% - 60% - 2:43
2 - 46% - 40% - 2:17
Last Minute Offensive  - 0:00
Last Minute Defensive  - 0:00
Total
Forward - 65:00
Defense - 65:00

Play by Play

1st period


0:01 of 1st period - James Sheppard wins face-off versus Ben Street in neutral zone.
2:34 of 1st period - Icing by Brian Strait.
2:35 of 1st period - James Sheppard wins face-off versus Nathan Longpre in Phantoms zone.
2:59 of 1st period - Snap shot by Jordan Caron.
2:59 of 1st period - Shot Blocked by Steve MacIntyre.
3:21 of 1st period - Snap shot by Simon Gagne.
3:21 of 1st period - Stopped by Marek Mazanec without a rebound.
3:22 of 1st period - Chris Neil wins face-off versus Simon Gagne in Phantoms zone.
3:33 of 1st period - Chris Neil is hit by Melker Karlsson.
3:49 of 1st period - Slapshot by Chris Neil.
3:49 of 1st period - Shot Misses the Net.
3:57 of 1st period - Chris Neil is hit by Simon Gagne and loses puck.
4:19 of 1st period - James Sheppard is hit by Tom Sestito and loses puck.
4:28 of 1st period - Tom Sestito is hit by James Sheppard and loses puck.
4:41 of 1st period - Slapshot by Brian Strait.
4:41 of 1st period - Stopped by Brad Thiessen with a rebound.
4:43 of 1st period - Slapshot by Brian Strait.
4:43 of 1st period - Deflect By Cody Bass.
4:43 of 1st period - Shot Blocked by Martin Marincin.
4:43 of 1st period - Puck is out of play.
4:44 of 1st period - Ben Street wins face-off versus Sven Andrighetto in Gulls zone.
7:17 of 1st period - Wrist shot by James Sheppard.
7:17 of 1st period - Stopped by Marek Mazanec with a rebound.
7:19 of 1st period - Snap shot by Jimmy Bonneau.
7:19 of 1st period - Shot Misses the Net.
7:44 of 1st period - Scott Ford is hit by Martin Gernat.
8:18 of 1st period - Slapshot by Jordan Caron.
8:18 of 1st period - Shot Blocked by Chris Langkow.
9:08 of 1st period - Stephen Johns is hit by Jerry D'Amigo and loses puck.
9:13 of 1st period - Slapshot by Sven Andrighetto.
9:13 of 1st period - Stopped by Marek Mazanec with a rebound.
9:22 of 1st period - Off-side.
9:23 of 1st period - Byron Froese wins face-off versus Brayden Irwin in neutral zone.
9:28 of 1st period - Slapshot by Chris Neil.
9:28 of 1st period - Shot Misses the Net.
9:57 of 1st period - Snap shot by Melker Karlsson.
9:57 of 1st period - Shot Misses the Net.
9:59 of 1st period - Wrist shot by Melker Karlsson.
9:59 of 1st period - Shot Blocked by Bryan Lerg.
10:01 of 1st period - Wrist shot by Carter Camper.
10:01 of 1st period - Stopped by Marek Mazanec with a rebound.
10:09 of 1st period - Minor Penalty to Byron Froese for Hooking.
10:10 of 1st period - Chris Neil wins face-off versus Sven Andrighetto in Phantoms zone.
11:05 of 1st period - Off-side.
11:06 of 1st period - Chris Langkow wins face-off versus Sven Andrighetto in neutral zone.
11:09 of 1st period - Slapshot by Deryk Engelland.
11:09 of 1st period - Stopped by Brad Thiessen with a rebound.
11:55 of 1st period - Slapshot by Martin Marincin.
11:55 of 1st period - Shot Blocked by Greg Zanon.
11:57 of 1st period - Slapshot by Martin Marincin.
11:57 of 1st period - Deflect By Jordan Caron.
11:57 of 1st period - Shot Misses the Net.
11:57 of 1st period - Puck is out of play.
11:58 of 1st period - Chase Schaber wins face-off versus Chris Neil in Phantoms zone.
12:09 of 1st period - Penalty to Byron Froese is over, Byron Froese is back on ice.
12:48 of 1st period - Off-side.
12:49 of 1st period - Chris Langkow wins face-off versus James Sheppard in neutral zone.
13:19 of 1st period - Snap shot by Cody Bass.
13:19 of 1st period - Stopped by Brad Thiessen with a rebound.
13:43 of 1st period - Icing by Martin Gernat.
13:44 of 1st period - Carter Camper wins face-off versus Nathan Longpre in Phantoms zone.
14:21 of 1st period - Icing by Jordan Caron.
14:22 of 1st period - Byron Froese wins face-off versus Sven Andrighetto in Gulls zone.
14:37 of 1st period - Snap shot by Byron Froese.
14:37 of 1st period - Shot Blocked by Martin Marincin.
14:55 of 1st period - Slapshot by Bryan Allen.
14:55 of 1st period - Stopped by Brad Thiessen without a rebound.
14:56 of 1st period - James Sheppard wins face-off versus Chris Langkow in Gulls zone.
15:15 of 1st period - Wrist shot by Stephen Johns.
15:15 of 1st period - Deflect By Tom Sestito.
15:15 of 1st period - Shot Misses the Net.
15:15 of 1st period - Puck is out of play.
15:16 of 1st period - Brayden Irwin wins face-off versus Ben Street in Gulls zone.
15:20 of 1st period - Off-side.
15:21 of 1st period - Ben Street wins face-off versus Brayden Irwin in neutral zone.
15:30 of 1st period - Deryk Engelland is hit by Brendan Bell and loses puck.
15:58 of 1st period - Minor Penalty to Deryk Engelland for Slashing.
15:59 of 1st period - Chris Neil wins face-off versus Sven Andrighetto in Phantoms zone.
16:24 of 1st period - Chris Neil is hit by Jordan Caron and loses puck.
17:03 of 1st period - Jordan Caron is hit by Garrett Wilson and loses puck.
17:26 of 1st period - Snap shot by Melker Karlsson.
17:26 of 1st period - Deflect By James Sheppard.
17:26 of 1st period - Stopped by Marek Mazanec with a rebound.
17:44 of 1st period - Martin Marincin is hit by Brian Strait and loses puck.
17:58 of 1st period - Penalty to Deryk Engelland is over, Deryk Engelland is back on ice.
18:01 of 1st period - Greg Zanon is hit by Carter Camper and loses puck.
18:34 of 1st period - Wrist shot by Cody Bass.
18:34 of 1st period - Deflect By Chris Langkow.
18:34 of 1st period - Stopped by Brad Thiessen with a rebound.
18:36 of 1st period - Snap shot by Cody Bass.
18:36 of 1st period - Shot Misses the Net.
18:38 of 1st period - Wrist shot by Stephen Johns.
18:38 of 1st period - Stopped by Brad Thiessen with a rebound.
19:09 of 1st period - Jordan Caron is hit by Deryk Engelland and loses puck.
19:20 of 1st period - Slapshot by Nathan Longpre.
19:20 of 1st period - Shot Misses the Net.
19:22 of 1st period - Wrist shot by Deryk Engelland.
19:22 of 1st period - Stopped by Brad Thiessen with a rebound.
19:24 of 1st period - Snap shot by Steve MacIntyre.
19:24 of 1st period - Stopped by Brad Thiessen with a rebound.
19:26 of 1st period - Slapshot by Martin Gernat.
19:26 of 1st period - Stopped by Brad Thiessen with a rebound.
19:28 of 1st period - Slapshot by Martin Gernat.
19:28 of 1st period - Shot Misses the Net.
19:53 of 1st period - Scott Ford is hit by Martin Gernat and loses puck.
Goals for this period are 0 for Gulls vs 0 for Phantoms.
Shots for this period are 5 for Gulls vs 9 for Phantoms.

2nd period


0:01 of 2nd period - Ben Street wins face-off versus Carter Camper in neutral zone.
0:46 of 2nd period - Chris Neil and Carter Camper fight to a draw.
0:46 of 2nd period - Penalty to Chris Neil for Fighting.
0:46 of 2nd period - Penalty to Carter Camper for Fighting.
0:47 of 2nd period - Byron Froese wins face-off versus Simon Gagne in Gulls zone.
0:48 of 2nd period - Wrist shot by Bryan Lerg.
0:48 of 2nd period - Shot Misses the Net.
1:20 of 2nd period - Minor Penalty to James Sheppard for Holding.
1:21 of 2nd period - Ben Street wins face-off versus Melker Karlsson in Gulls zone.
1:57 of 2nd period - Slapshot by Martin Marincin.
1:57 of 2nd period - Stopped by Marek Mazanec without a rebound.
1:58 of 2nd period - Byron Froese wins face-off versus Melker Karlsson in Phantoms zone.
2:03 of 2nd period - Slapshot by Stephen Johns.
2:03 of 2nd period - Stopped by Brad Thiessen without a rebound.
2:04 of 2nd period - Byron Froese wins face-off versus Melker Karlsson in Gulls zone.
2:56 of 2nd period - Jimmy Bonneau is hit by Garrett Wilson and loses puck.
3:07 of 2nd period - Martin Marincin is hit by Deryk Engelland.
3:20 of 2nd period - Penalty to James Sheppard is over, James Sheppard is back on ice.
3:22 of 2nd period - Snap shot by Sven Andrighetto.
3:22 of 2nd period - Stopped by Marek Mazanec with a rebound.
3:24 of 2nd period - Slapshot by Martin Marincin.
3:24 of 2nd period - Stopped by Marek Mazanec without a rebound.
3:25 of 2nd period - Brayden Irwin wins face-off versus Chris Langkow in Phantoms zone.
3:48 of 2nd period - Slapshot by Bryan Allen.
3:48 of 2nd period - Goal by Bryan Allen - Gulls : 0 - Phantoms : 1.
3:49 of 2nd period - Bryan Lerg wins face-off versus Sven Andrighetto in neutral zone.
4:06 of 2nd period - Snap shot by Martin Marincin.
4:06 of 2nd period - Deflect By Byron Froese.
4:06 of 2nd period - Stopped by Marek Mazanec with a rebound.
4:10 of 2nd period - Wrist shot by Jordan Caron.
4:10 of 2nd period - Shot Misses the Net.
4:55 of 2nd period - Deryk Engelland is hit by James Sheppard and loses puck.
5:20 of 2nd period - Snap shot by James Sheppard.
5:20 of 2nd period - Deflect By Ben Street.
5:20 of 2nd period - Stopped by Marek Mazanec without a rebound.
5:21 of 2nd period - Melker Karlsson wins face-off versus Chris Langkow in Phantoms zone.
5:39 of 2nd period - Martin Gernat is hit by Brayden Irwin.
5:52 of 2nd period - Off-side.
5:53 of 2nd period - Steve MacIntyre wins face-off versus Sven Andrighetto in neutral zone.
6:20 of 2nd period - Slapshot by Brian Strait.
6:20 of 2nd period - Stopped by Brad Thiessen with a rebound.
6:22 of 2nd period - Slapshot by Bryan Allen.
6:22 of 2nd period - Stopped by Brad Thiessen without a rebound.
6:23 of 2nd period - Byron Froese wins face-off versus Melker Karlsson in Gulls zone.
7:28 of 2nd period - Snap shot by Cody Bass.
7:28 of 2nd period - Shot Blocked by Martin Marincin.
7:30 of 2nd period - Wrist shot by Tom Sestito.
7:30 of 2nd period - Shot Misses the Net.
7:40 of 2nd period - Slapshot by Brian Strait.
7:40 of 2nd period - Shot Blocked by Sven Andrighetto.
7:42 of 2nd period - Slapshot by Brian Strait.
7:42 of 2nd period - Shot Blocked by Martin Marincin.
7:44 of 2nd period - Slapshot by Tom Sestito.
7:44 of 2nd period - Deflect By Chris Langkow.
7:44 of 2nd period - Stopped by Brad Thiessen with a rebound.
7:46 of 2nd period - Snap shot by Brian Strait.
7:46 of 2nd period - Stopped by Brad Thiessen with a rebound.
8:33 of 2nd period - Wrist shot by Simon Gagne.
8:33 of 2nd period - Deflect By Deryk Engelland.
8:33 of 2nd period - Shot Blocked by Bryan Allen.
8:33 of 2nd period - Puck is out of play.
8:34 of 2nd period - Carter Camper wins face-off versus Byron Froese in Phantoms zone.
8:35 of 2nd period - Wrist shot by Melker Karlsson.
8:35 of 2nd period - Shot Misses the Net.
8:37 of 2nd period - Snap shot by Carter Camper.
8:37 of 2nd period - Shot Misses the Net.
11:03 of 2nd period - Wrist shot by James Sheppard.
11:03 of 2nd period - Shot Misses the Net.
11:47 of 2nd period - Snap shot by Jordan Caron.
11:47 of 2nd period - Deflect By Sven Andrighetto.
11:47 of 2nd period - Stopped by Marek Mazanec with a rebound.
11:52 of 2nd period - Off-side.
11:53 of 2nd period - Ben Street wins face-off versus Brayden Irwin in neutral zone.
12:07 of 2nd period - Slapshot by Martin Marincin.
12:07 of 2nd period - Stopped by Marek Mazanec with a rebound.
12:23 of 2nd period - Wrist shot by Simon Gagne.
12:23 of 2nd period - Deflect By Melker Karlsson.
12:23 of 2nd period - Goal by Melker Karlsson - Gulls : 1 - Phantoms : 1.
12:24 of 2nd period - Byron Froese wins face-off versus James Sheppard in neutral zone.
12:35 of 2nd period - Snap shot by Byron Froese.
12:35 of 2nd period - Stopped by Brad Thiessen with a rebound.
12:55 of 2nd period - Wrist shot by Chris Neil.
12:55 of 2nd period - Shot Blocked by Scott Ford.
13:12 of 2nd period - Icing by Scott Ford.
13:13 of 2nd period - Ben Street wins face-off versus Sven Andrighetto in Gulls zone.
14:08 of 2nd period - Melker Karlsson is hit by Chris Langkow and loses puck.
14:33 of 2nd period - Byron Froese is hit by Melker Karlsson and loses puck.
15:21 of 2nd period - Snap shot by Bryan Allen.
15:21 of 2nd period - Deflect By Brayden Irwin.
15:21 of 2nd period - Stopped by Brad Thiessen with a rebound.
16:09 of 2nd period - Wrist shot by Byron Froese.
16:09 of 2nd period - Stopped by Brad Thiessen with a rebound.
16:11 of 2nd period - Snap shot by Byron Froese.
16:11 of 2nd period - Stopped by Brad Thiessen without a rebound.
16:12 of 2nd period - James Sheppard wins face-off versus Byron Froese in Gulls zone.
16:21 of 2nd period - Slapshot by Simon Gagne.
16:21 of 2nd period - Shot Blocked by Bryan Allen.
16:56 of 2nd period - Minor Penalty to Keegan Lowe for Slashing.
16:57 of 2nd period - Melker Karlsson wins face-off versus Chris Neil in Phantoms zone.
17:12 of 2nd period - Brian Strait is hit by William Wrenn.
17:57 of 2nd period - Scott Ford is hit by Brian Strait and loses puck.
18:04 of 2nd period - Slapshot by Deryk Engelland.
18:04 of 2nd period - Stopped by Brad Thiessen with a rebound.
18:06 of 2nd period - Wrist shot by Chris Langkow.
18:06 of 2nd period - Shot Hit the Post.
18:39 of 2nd period - Snap shot by Martin Marincin.
18:39 of 2nd period - Stopped by Marek Mazanec with a rebound.
18:53 of 2nd period - Martin Marincin is hit by Chris Neil and loses puck.
18:56 of 2nd period - Penalty to Keegan Lowe is over, Keegan Lowe is back on ice.
19:52 of 2nd period - Snap shot by Cody Bass.
19:52 of 2nd period - Deflect By Chris Langkow.
19:52 of 2nd period - Shot Misses the Net.
19:52 of 2nd period - Puck is out of play.
19:53 of 2nd period - Byron Froese wins face-off versus Brayden Irwin in Gulls zone.
Goals for this period are 1 for Gulls vs 1 for Phantoms.
Shots for this period are 9 for Gulls vs 11 for Phantoms.

3rd period


0:01 of 3rd period - Ben Street wins face-off versus James Sheppard in neutral zone.
0:23 of 3rd period - Martin Marincin is hit by Bryan Allen and loses puck.
0:52 of 3rd period - Jordan Caron is hit by Chris Neil and loses puck.
1:09 of 3rd period - Snap shot by Sven Andrighetto.
1:09 of 3rd period - Stopped by Marek Mazanec with a rebound.
1:11 of 3rd period - Snap shot by Sven Andrighetto.
1:11 of 3rd period - Shot Blocked by Brian Strait.
1:19 of 3rd period - Slapshot by Jordan Caron.
1:19 of 3rd period - Stopped by Marek Mazanec with a rebound.
1:21 of 3rd period - Wrist shot by Sven Andrighetto.
1:21 of 3rd period - Stopped by Marek Mazanec without a rebound.
1:22 of 3rd period - Tom Sestito wins face-off versus Carter Camper in Phantoms zone.
1:24 of 3rd period - Minor Penalty to Cody Bass for Hooking.
1:25 of 3rd period - Chris Neil wins face-off versus Jerry D'Amigo in Phantoms zone.
2:04 of 3rd period - Wrist shot by Deryk Engelland.
2:04 of 3rd period - Shot Misses the Net.
3:04 of 3rd period - Icing by Jordan Caron.
3:05 of 3rd period - Chris Neil wins face-off versus Carter Camper in Gulls zone.
3:24 of 3rd period - Penalty to Cody Bass is over, Cody Bass is back on ice.
4:37 of 3rd period - Wrist shot by Stephen Johns.
4:37 of 3rd period - Stopped by Brad Thiessen without a rebound.
4:38 of 3rd period - Byron Froese wins face-off versus Carter Camper in Gulls zone.
5:39 of 3rd period - Icing by Brian Strait.
5:40 of 3rd period - Brayden Irwin wins face-off versus Nathan Longpre in Phantoms zone.
6:37 of 3rd period - Martin Gernat is hit by Nathan McIver.
6:45 of 3rd period - Slapshot by Chris Langkow.
6:45 of 3rd period - Shot Misses the Net.
7:30 of 3rd period - Minor Penalty to Jimmy Bonneau for High sticking.
7:31 of 3rd period - Melker Karlsson wins face-off versus Garrett Wilson in Gulls zone.
7:59 of 3rd period - Byron Froese is hit by Melker Karlsson and loses puck.
9:10 of 3rd period - Scott Ford is hit by Stephen Johns and loses puck.
9:30 of 3rd period - Penalty to Jimmy Bonneau is over, Jimmy Bonneau is back on ice.
9:33 of 3rd period - Wrist shot by Byron Froese.
9:33 of 3rd period - Deflect By Bryan Lerg.
9:33 of 3rd period - Shot Misses the Net.
9:33 of 3rd period - Puck is out of play.
9:34 of 3rd period - Brayden Irwin wins face-off versus Byron Froese in Gulls zone.
10:17 of 3rd period - Snap shot by Melker Karlsson.
10:17 of 3rd period - Stopped by Marek Mazanec with a rebound.
10:36 of 3rd period - Steve MacIntyre is hit by Jordan Caron and loses puck.
10:49 of 3rd period - Jerry D'Amigo is hit by Steve MacIntyre.
10:53 of 3rd period - Carter Camper is hit by Deryk Engelland and loses puck.
11:06 of 3rd period - Snap shot by Garrett Wilson.
11:06 of 3rd period - Stopped by Brad Thiessen with a rebound.
11:08 of 3rd period - Snap shot by Deryk Engelland.
11:08 of 3rd period - Stopped by Brad Thiessen with a rebound.
11:10 of 3rd period - Wrist shot by Deryk Engelland.
11:10 of 3rd period - Stopped by Brad Thiessen with a rebound.
11:12 of 3rd period - Snap shot by Ben Street.
11:12 of 3rd period - Shot Misses the Net.
11:14 of 3rd period - Snap shot by Deryk Engelland.
11:14 of 3rd period - Stopped by Brad Thiessen without a rebound.
11:15 of 3rd period - Ben Street wins face-off versus James Sheppard in Gulls zone.
12:09 of 3rd period - Snap shot by Byron Froese.
12:09 of 3rd period - Shot Misses the Net.
14:29 of 3rd period - Wrist shot by Jordan Caron.
14:29 of 3rd period - Shot Misses the Net.
15:07 of 3rd period - Brayden Irwin is hit by Byron Froese and loses puck.
15:16 of 3rd period - Snap shot by Chris Neil.
15:16 of 3rd period - Shot Misses the Net.
15:18 of 3rd period - Slapshot by Martin Gernat.
15:18 of 3rd period - Stopped by Brad Thiessen with a rebound.
15:41 of 3rd period - Icing by James Sheppard.
15:42 of 3rd period - Nathan Longpre wins face-off versus James Sheppard in Gulls zone.
16:15 of 3rd period - Ryan Bourque is hit by Byron Froese and loses puck.
16:24 of 3rd period - Backhand shot by Melker Karlsson.
16:24 of 3rd period - Stopped by Marek Mazanec with a rebound.
16:47 of 3rd period - Stephen Johns is hit by Carter Camper and loses puck.
17:33 of 3rd period - Snap shot by Jordan Caron.
17:33 of 3rd period - Deflect By Melker Karlsson.
17:33 of 3rd period - Stopped by Marek Mazanec with a rebound.
17:55 of 3rd period - Jerry D'Amigo is hit by Cody Bass.
18:15 of 3rd period - Martin Marincin is hit by Stephen Johns and loses puck.
19:17 of 3rd period - Martin Gernat is hit by Matt Lashoff and loses puck.
19:27 of 3rd period - Snap shot by Martin Gernat.
19:27 of 3rd period - Deflect By Garrett Wilson.
19:27 of 3rd period - Stopped by Brad Thiessen without a rebound.
19:28 of 3rd period - Carter Camper wins face-off versus Ben Street in Gulls zone.
19:34 of 3rd period - Off-side.
19:35 of 3rd period - Carter Camper wins face-off versus Ben Street in neutral zone.
19:54 of 3rd period - Slapshot by Brian Strait.
19:54 of 3rd period - Shot Blocked by Martin Marincin.
Goals for this period are 0 for Gulls vs 0 for Phantoms.
Shots for this period are 6 for Gulls vs 7 for Phantoms.

Overtime #1


0:01 of 1st overtime period - Chris Neil wins face-off versus Carter Camper in neutral zone.
0:04 of 1st overtime period - James Sheppard is hit by Chris Neil and loses puck.
1:01 of 1st overtime period - Snap shot by Ben Street.
1:01 of 1st overtime period - Stopped by Brad Thiessen without a rebound.
1:02 of 1st overtime period - Chris Neil wins face-off versus Carter Camper in Gulls zone.
2:54 of 1st overtime period - Snap shot by Melker Karlsson.
2:54 of 1st overtime period - Stopped by Marek Mazanec with a rebound.
2:56 of 1st overtime period - Slapshot by Nathan McIver.
2:56 of 1st overtime period - Stopped by Marek Mazanec without a rebound.
2:57 of 1st overtime period - Carter Camper wins face-off versus Chris Neil in Phantoms zone.
3:16 of 1st overtime period - Snap shot by Chris Neil.
3:16 of 1st overtime period - Stopped by Brad Thiessen with a rebound.
3:44 of 1st overtime period - Brian Strait is hit by Scott Ford and loses puck.
Goals for this period are 0 for Gulls vs 0 for Phantoms.
Shots for this period are 2 for Gulls vs 2 for Phantoms.

ShootOut


5:00 of 1st overtime period - Penalty Shot by Jerry D'Amigo for Gulls.
5:00 of 1st overtime period - Backhand shot by Jerry D'Amigo.
5:00 of 1st overtime period - Stopped by Marek Mazanec.
5:00 of 1st overtime period - Penalty Shot by Deryk Engelland for Phantoms.
5:00 of 1st overtime period - Snap shot by Deryk Engelland.
5:00 of 1st overtime period - Stopped by Brad Thiessen.
5:00 of 1st overtime period - Penalty Shot by Carter Camper for Gulls.
5:00 of 1st overtime period - Deke by Carter Camper.
5:00 of 1st overtime period - Stopped by Marek Mazanec.
5:00 of 1st overtime period - Penalty Shot by Chris Neil for Phantoms.
5:00 of 1st overtime period - Backhand shot by Chris Neil.
5:00 of 1st overtime period - Shot Misses the Net.
5:00 of 1st overtime period - Penalty Shot by James Sheppard for Gulls.
5:00 of 1st overtime period - Deke by James Sheppard.
5:00 of 1st overtime period - Stopped by Marek Mazanec.
5:00 of 1st overtime period - Penalty Shot by Ben Street for Phantoms.
5:00 of 1st overtime period - Deke by Ben Street.
5:00 of 1st overtime period - Shot Misses the Net.
5:00 of 1st overtime period - Penalty Shot by Sven Andrighetto for Gulls.
5:00 of 1st overtime period - Snap shot by Sven Andrighetto.
5:00 of 1st overtime period - Shot Misses the Net.
5:00 of 1st overtime period - Penalty Shot by Garrett Wilson for Phantoms.
5:00 of 1st overtime period - Deke by Garrett Wilson.
5:00 of 1st overtime period - Stopped by Brad Thiessen.
5:00 of 1st overtime period - Penalty Shot by Melker Karlsson for Gulls.
5:00 of 1st overtime period - Snap shot by Melker Karlsson.
5:00 of 1st overtime period - Shot Misses the Net.
5:00 of 1st overtime period - Penalty Shot by Byron Froese for Phantoms.
5:00 of 1st overtime period - Wrist shot by Byron Froese.
5:00 of 1st overtime period - Stopped by Brad Thiessen.
5:00 of 1st overtime period - Penalty Shot by Martin Marincin for Gulls.
5:00 of 1st overtime period - Wrist shot by Martin Marincin.
5:00 of 1st overtime period - Goal by Martin Marincin.
5:00 of 1st overtime period - Penalty Shot by Bryan Lerg for Phantoms.
5:00 of 1st overtime period - Snap shot by Bryan Lerg.
5:00 of 1st overtime period - Goal by Bryan Lerg.
5:00 of 1st overtime period - Penalty Shot by Brayden Irwin for Gulls.
5:00 of 1st overtime period - Snap shot by Brayden Irwin.
5:00 of 1st overtime period - Goal by Brayden Irwin.
5:00 of 1st overtime period - Penalty Shot by Chris Langkow for Phantoms.
5:00 of 1st overtime period - Wrist shot by Chris Langkow.
5:00 of 1st overtime period - Shot Misses the Net.